 Dungeon Crawl Stone Soup version 0.27.1-34-g3ba077fa99 (webtiles) character file.

Game seed: 14907019137501205042

776 brmiller01 the Chopper (level 7, -2/44 HPs)
             Began as a Gargoyle Berserker on Jan 6, 2022.
             Was a Priest of Trog.
             Killed by divine providence
             ... invoked by an orc priest
              (13 damage)
             ... on level 5 of the Dungeon.
             The game lasted 00:10:15 (6281 turns).

brmiller01 the Chopper (Gargoyle Berserker)         Turns: 6281, Time: 00:10:16

Health: -2/44      AC: 15    Str: 23    XL:     7   Next: 84%
Magic:  7/7        EV: 11    Int:  7    God:    Trog [***...]
Gold:   254        SH:  0    Dex:  9    Spells: 6/6 levels left

rFire    . . .     SeeInvis +   b - +0 war axe
rCold    . . .     Faith    .   (no shield)
rNeg     + . .     Spirit   .   q - +0 ring mail
rPois    ∞         Reflect  .   (no helmet)
rElec    +         Harm     .   i - +1 cloak {Will+}
rCorr    .         Rampage  .   e - +0 pair of gloves
Will     +....                  a - +0 pair of boots
Stlth    ..........             (no amulet)
HPRegen  0.14/turn              p - ring of see invisible
MPRegen  0.10/turn              (no ring)

@: no status effects
A: sickness immunity, AC +4, negative energy resistance 1, electricity
resistance, torment resistance 1, petrification resistance
a: Renounce Religion, Berserk, Trog's Hand


You were on level 5 of the Dungeon.
You worshipped Trog.
Trog was most pleased with you.
You visited 1 branch of the dungeon, and saw 5 of its levels.

You collected 254 gold pieces.

Inventory:

Hand Weapons
 b - a +0 war axe (weapon)
Armour
 a - a +0 pair of boots (worn)
 e - a +0 pair of gloves (worn)
 i - a +1 cloak of willpower (worn)
 q - a +0 ring mail (worn)
Jewellery
 p - a ring of see invisible (left hand)
Scrolls
 f - 2 scrolls of brand weapon {unknown}
 h - 3 scrolls of teleportation {unknown}
 j - a scroll of summoning {unknown}
 k - a scroll of acquirement {unknown}
 m - a scroll of noise {unknown}
 r - 2 scrolls of immolation {unknown}
 s - a scroll of amnesia {unknown}
 t - a scroll of identify {unknown}
Potions
 c - 3 potions of curing {unknown}
 d - a potion of flight {unknown}
 g - a potion of lignification {unknown}
 l - a potion of brilliance {unknown}
 n - a potion of resistance {unknown}
 o - a potion of haste {unknown}


   Skills:
 + Level 5.6 Fighting
 * Level 6.0 Axes
 + Level 4.8 Armour
 - Level 2.1 Dodging


You had 6 spell levels left.
You didn't know any spells.
Your spell library was empty.

Dungeon Overview and Level Annotations

Branches:
Dungeon (5/15)
 Temple: D:4-7

Altars:
Ashenzari
Dithmenos
Fedhas
Kikubaaqudgha
Qazlal
Trog
The Shining One

Shops:
D:5 =


Innate Abilities, Weirdness & Mutations

You are immune to sickness and miasma.
Your stone body is resilient. (AC +4)
You are immune to poison.
You resist negative energy. (rN+)
You are resistant to electric shocks. (rElec)
You are resistant to unholy torment.
You are immune to petrification.


Message History

Sorry, I don't know how to get there.
HP restored.
There is a stone staircase leading down here.
There is an open door here.
Found 20 gold pieces.
An orc priest comes into view. It is wielding a +0 dagger.
The orc priest shouts!
You hear a shout!
An orc comes into view. It is wielding a +0 hand axe.
An orc priest comes into view. It is wielding a +0 short sword.
An orc comes into view. It is wielding a +0 club.
The orc shouts! x2
The orc priest mumbles some strange prayers to Beogh against you.
Beogh smites you!
The orc priest invokes the aid of Beogh against you.
Beogh smites you!
You are too injured to fight recklessly!
You barely miss the orc priest.
You hit the orc priest but do no damage.
The orc priest calls down the wrath of Beogh upon you.
Pain shoots through your body!
* * * LOW HITPOINT WARNING * * *
The orc priest misses you.
You hit the orc priest.
The orc priest is moderately wounded.
You closely miss the orc.
You hit the orc priest but do no damage.
The orc hits you but does no damage.
The orc priest hits you with a +0 short sword.
* * * LOW HITPOINT WARNING * * *
The orc priest closely misses you. The orc barely misses you.
The orc priest mumbles some strange prayers to Beogh against you.
You resist with some effort.
The orc priest hits you but does no damage.
The orc priest miscasts a cantrip.
The orc priest looks braver for a moment.
The orc priest calls upon Beogh to heal the orc priest.
The orc priest's wounds heal themselves!
The orc priest calls down the wrath of Beogh upon you.
Beogh smites you!
You die...

###########...(..#
#.......##..♣....#
#.......##...P..<#
#.......#........#
#.......#..P.....# ######
#.......##.......#
.....#####.......##.......#######
.............o...'...............
..........o..o.o@###.##.....#####
...........#.........##......#
.$.........#.........##.######
############.........##.#...#
#.........##......[[.####.∩.#####
'.........'.......)..####...#....
#.........##............#.>.#.###
#.........########.#....#...#.#
#..............# #.#....#########


You could see 2 orc priests and 2 orcs.

Vanquished Creatures
  Menkaure (D:4)
  2 centaurs
  A scorpion (D:5)
  A centaur zombie (D:5)
  Crazy Yiuf (D:3)
  2 orc wizards (D:5)
  4 iguanas
  A hound skeleton (D:4)
  4 gnolls (D:2)
  7 adders
  An adder skeleton (D:4)
  3 worms
  3 dart slugs (D:1)
  8 orcs
  9 ball pythons
  3 bats
  7 endoplasms
  5 giant cockroaches
  2 goblins
  12 hobgoblins
  3 jackals (D:2)
  A quokka (D:2)
  2 frilled lizards
  10 kobolds
  5 rats
98 creatures vanquished.

Notes
Turn   | Place    | Note
-------+----------+-------------------------------------------
     0 | D:1      | brmiller01 the Gargoyle Berserker began the quest for the
                  | Orb.
     0 | D:1      | Reached XP level 1. HP: 14/14 MP: 1/1
   137 | D:1      | Found a faded altar of an unknown god.
   224 | D:1      | Reached XP level 2. HP: 8/19 MP: 2/2
   229 | D:1      | Reached skill level 3 in Axes
   797 | D:1      | Reached XP level 3. HP: 24/24 MP: 3/3
  1094 | D:2      | Reached ** piety under Trog
  1344 | D:2      | Reached XP level 4. HP: 18/29 MP: 4/4
  2702 | D:3      | Reached XP level 5. HP: 33/33 MP: 5/5
  2879 | D:3      | Found a runed translucent door.
  2880 | D:3      | Noticed Crazy Yiuf
  3024 | D:3      | Found a bloodstained altar of Trog.
  3075 | D:3      | Found a glowing golden altar of the Shining One.
  3187 | D:3      | Found a shadowy altar of Dithmenos.
  3220 | D:3      | Reached skill level 4 in Axes
  3230 | D:3      | Found an ancient bone altar of Kikubaaqudgha.
  3234 | D:3      | Found a blossoming altar of Fedhas.
  3358 | D:3      | Killed Crazy Yiuf
  4053 | D:4      | Noticed a centaur
  4064 | D:4      | Killed a centaur
  4065 | D:4      | Reached XP level 6. HP: 10/39 MP: 6/6
  4564 | D:4      | Noticed Menkaure
  4574 | D:4      | Killed Menkaure
  4575 | D:4      | Reached skill level 5 in Axes
  4632 | D:4      | Reached skill level 5 in Fighting
  5188 | D:4      | Reached XP level 7. HP: 44/44 MP: 7/7
  5498 | D:4      | Found a broken altar of Ashenzari.
  5536 | D:4      | Found a stormy altar of Qazlal.
  5598 | D:5      | Entered Level 5 of the Dungeon
  5640 | D:5      | Found Esmuegh's Jewellery Shop.
  5653 | D:5      | Reached *** piety under Trog
  6013 | D:5      | Reached skill level 6 in Axes
  6281 | D:5      | Killed from afar by an orc priest

Illustrated notes

Levels and vault maps discovered:
D:1:      eino_arrival_druids_welcome, layout_basic,
          dreamdust_ecumenical_altar_statues, hex_intersection,
          minmay_pentomino_z4
D:2:      layout_basic
D:3:      layout_basic, nicolae_overflow_hidden_temple, minmay_misc_feat_tower,
          uniq_crazy_yiuf_cottage
D:4:      layout_basic, mainiacjoe_overflow_two_lobes, eino_tiny_chamber,
          uniq_menkaure
D:5:      kennysheep_spiral_hall, layout_basic, gup_sewer_entry_bubbles,
          amcnicky_mini_corridor_feature, chequers_serial_rivers_micro_e,
          serial_park_tiny_2, nicolae_take_the_stairs

Skill      XL: |  1  2  3  4  5  6  7 |
---------------+----------------------+-----
Axes           | 3 4 5 6 |  6.0
Dodging        | 2 |  2.1
Fighting       | 4 5 |  5.6
Armour         | 3 4 |  4.8

Action                   |  1- 3 |  4- 6 |  7- 9 || total
-------------------------+-------+-------+-------++-------
Melee: Hand axe          |    77 |   190 |       ||   267
       War axe           |       |       |    37 ||    37
Invok: Berserk           |     1 |     2 |       ||     3
Armor: Animal skin       |    32 |    55 |       ||    87
       Ring mail         |       |    12 |    51 ||    63
Dodge: Dodged            |    50 |   126 |    65 ||   241
